 Dungeon Crawl Stone Soup version 0.30-a0-305-g026cb31310 (webtiles) character file.

Game seed: 9281531423576040109

3777 sleeves the Skirmisher (level 9, 0/43 (46) HPs)
             Began as a Deep Elf Hexslinger on Oct 23, 2022.
             Was a Priest of Okawaru.
             Killed by divine providence
             ... invoked by an orc priest
              (12 damage)
             ... on level 8 of the Dungeon.
             The game lasted 00:14:39 (6622 turns).

sleeves the Skirmisher (Deep Elf Hexslinger)        Turns: 6622, Time: 00:14:40

HP:   0/43 (46)     AC:  8    Str:  7    XL:     9   Next: 95%
MP:   20/23         EV: 19    Int: 19    God:    Okawaru [***...]
Gold: 337           SH:  0    Dex: 26    Spells: 7/11 levels left

rFire   . . .      SeeInvis .    b - +2 dagger (venom)
rCold   . . .      Faith    .    (no shield)
rNeg    . . .      Spirit   .    c - +0 robe
rPois   .          Reflect  .    (helmet restricted)
rElec   .          Harm     .    C - +0 cloak
rCorr   +          Rampage  .    q - +2 pair of gloves "Neduxec" {-Tele rCorr Dex+7 Slay+3}
Will    .....      NoTele   +    p - +0 pair of boots
Stlth   ++++......               (no amulet)
HPRegen 0.27/turn                s - ring of magical power
MPRegen 0.18/turn                (no ring)

@: mighty, heroic, hasted, drained, very quick
A: antennae 1, high MP 1, screaming 1
a: Renounce Religion, Heroism


You were on level 8 of the Dungeon.
You worshipped Okawaru.
Okawaru was most pleased with you.
You visited 2 branches of the dungeon, and saw 9 of its levels.

You collected 337 gold pieces.

Inventory:

Hand Weapons
 a - a +0 shortbow
   (You took it off a centaur on level 7 of the Dungeon)
 b - a +2 dagger of venom (weapon)
   (You took it off a goblin on level 2 of the Dungeon)
 G - a +1 sling
Armour
 c - a +0 robe (worn)
 m - a +0 helmet
   (You found it on level 2 of the Dungeon)
 p - a +0 pair of boots (worn)
   (You found it on level 2 of the Dungeon)
 q - the +2 pair of gloves "Neduxec" (worn) {-Tele rCorr Dex+7 Slay+3}
   (You found it on level 2 of the Dungeon)

   Dex:       It affects your dexterity (+7).
   Slay:      It affects your accuracy & damage with ranged weapons and melee
   (+3).
   -Tele:     It prevents most forms of teleportation.
   rCorr:     It protects you from acid and corrosion.
 C - a +0 cloak (worn)
   (You took it off Crazy Yiuf on level 6 of the Dungeon)
Jewellery
 s - a ring of magical power (left hand)
   (You found it on level 6 of the Dungeon)
 u - an amulet of guardian spirit
   (You found it on level 4 of the Dungeon)
 y - a ring of fire
   (You found it on level 5 of the Dungeon)
Wands
 A - a wand of mindburst (9)
   (You found it on level 5 of the Dungeon)
 E - a wand of flame (30)
   (You found it on level 7 of the Dungeon)
 H - a wand of polymorph (8)
   (You found it on level 7 of the Dungeon)
Scrolls
 d - a scroll of enchant weapon
 e - 3 scrolls of identify
 i - 3 scrolls of poison
 k - a scroll of silence {unknown}
 l - 2 scrolls of amnesia {unknown}
 n - a scroll of enchant armour {unknown}
 o - 3 scrolls of blinking {unknown}
 r - a scroll of immolation {unknown}
 x - a scroll of fog {unknown}
 z - a scroll of teleportation {unknown}
 B - a scroll of magic mapping {unknown}
 D - a scroll of summoning {unknown}
Potions
 g - 2 potions of degeneration
 h - a potion of experience {unknown}
 j - a potion of magic {unknown}
 t - a potion of mutation
 v - 2 potions of cancellation {unknown}
 w - a potion of might


   Skills:
 - Level 0.7(5.7) Fighting
 + Level 14.7(19.7) Ranged Weapons
 - Level 2.4(7.4) Dodging
 - Level 1.5 Spellcasting
 - Level 12.0 Hexes


You had 7 spell levels left.
You knew the following spells:

 Your Spells              Type           Power      Damage    Failure   Level
a - Slow                  Hex            100%       N/A       1%          1
b - Inner Flame           Hex/Fire       24%        N/A       4%          3

Your spell library contained the following spells:

 Spells                   Type           Power      Damage    Failure   Level
 Confusing Touch          Hex            47%        N/A       1%          3
 Cause Fear               Hex            23%        N/A       1%          4
 Portal Projectile        Hex/Tloc       48%        N/A       4%          3
 Kiss of Death            Conj/Necr      4%         2d5       19%         1
 Blink                    Tloc           2%         N/A       26%         2
 Momentum Strike          Conj/Tloc      2%         3d8       26%         2
 Sublimation of Blood     Necr           1%         N/A       26%         2
 Wereblood                Tmut           1%         N/A       26%         2
 Lesser Beckoning         Tloc           2%         N/A       47%         3
 Vampiric Draining        Necr           1%         2d6       47%         3
 Dispel Undead            Necr           1%         3d6       87%         4
 Summon Hydra             Summ           Unusable   N/A       N/A         7

Dungeon Overview and Level Annotations

Branches:
Dungeon (8/15)             Temple (1/1) D:5
   Lair: D:8-11

Altars:
Ashenzari
Cheibriados
Dithmenos
Elyvilon
Fedhas
Gozag
Hepliaklqana
Kikubaaqudgha
Makhleb
Nemelex Xobeh
Okawaru
Qazlal
Ru
Sif Muna
Trog
Uskayaw
Vehumet
Wu Jian
Xom
Yredelemnul
Zin
The Shining One

Shops:
D:3 *


Innate Abilities, Weirdness & Mutations

You have a pair of small antennae on your head.
You have an increased reservoir of magic. (+10% MP)
You occasionally shout uncontrollably at your foes.


Message History

Aim: Pikel, wielding a +1 whip of flaming and wearing a +0 robe (moderately wounded, slow, 64% to hit)
You shoot a sling bullet. The sling bullet barely misses Pikel.
You can't go down here!
Unknown command.
Pikel barely misses you.
You climb upwards.
There is a stone staircase leading down here.
Your +2 dagger of venom begins to drip with poison!
b - a +2 dagger of venom (weapon)
You barely miss Pikel.
Pikel is moderately wounded.
Pikel hits you but does no damage.
You miss Pikel.
Pikel is moderately wounded.
You hit Pikel.
Pikel is poisoned.
Pikel is moderately wounded.
Pikel hits you with a +1 whip of flaming.
Pikel burns you.
You hit Pikel but do no damage.
Pikel looks as sick as possible!
You punch Pikel.
Pikel is heavily wounded.
Pikel hits you but does no damage.
You barely miss Pikel.
Pikel is heavily wounded.
You barely miss Pikel.
Pikel is heavily wounded.
Pikel hits you with a +1 whip of flaming!
Pikel burns you.
You closely miss Pikel.
Pikel is severely wounded.
Pikel hits you with a +1 whip of flaming!
* * * LOW HITPOINT WARNING * * *
Pikel burns you.
* * * LOW HITPOINT WARNING * * *
You are too injured to fight recklessly!
You are too injured to fight recklessly!
You are too injured to fight recklessly!
You are too injured to fight recklessly!
You are too injured to fight recklessly!
You are too injured to fight recklessly!
You are too injured to fight recklessly!
You are too injured to fight recklessly!
You are too injured to fight recklessly!
You are too injured to fight recklessly!
You are too injured to fight recklessly!
You are too injured to fight recklessly!
You are too injured to fight recklessly!
You are too injured to fight recklessly!
You are too injured to fight recklessly!
Okawaru is honoured by your kill.
You can now gain great but temporary skills.
You feel a bit more experienced.
You feel your strength returning.
You feel your dexterity returning.
Your Ranged Weapons skill increases to level 11!
Your Hexes skill increases to level 11!
You have reached level 9!
Your experience leads to an increase in your attributes!
Your base attributes are Str 7, Int 19, Dex 17.
Increase (S)trength, (I)ntelligence, or (D)exterity?
You feel agile. x2
Your +2 dagger of venom stops dripping with poison.
a - a +1 sling (weapon)
HP restored.
Done exploring.
Done exploring.
Things that are here:
a +1 whip of flaming; a +0 robe
There is a stone staircase leading down here.
You climb downwards.
There is a stone staircase leading up here.
Found 6 stones.
You now have 246 gold pieces (gained 8).
Found a broad axe.
A black bear comes into view.
A black bear is nearby!
A black bear is nearby!
A black bear is nearby!
You shoot a sling bullet. The black bear growls angrily.
The sling bullet hits the black bear!
The black bear is moderately wounded.
You shoot a sling bullet. The sling bullet hits the black bear!
The black bear is severely wounded.
You shoot a sling bullet. The sling bullet hits the black bear!
You kill the black bear!
Okawaru accepts your kill.
You feel your intelligence returning.
No target in view!
You see here a black bear corpse.
i - 3 scrolls of poison (gained 1)
An iguana comes into view.
The iguana hisses angrily.
An electric eel comes into view.
There are monsters nearby!
There are monsters nearby!
You shoot a sling bullet.
The sling bullet barely misses the electric eel.
The sling bullet hits the iguana!
The iguana is severely wounded.
Fire: a) +1 sling
Press: ? - help, Q - select action, (/) - cycle Shift-Dir - straight line, f/p - electric eel
Aim: an electric eel (water, 58% to hit)
You shoot a sling bullet.
The sling bullet closely misses the electric eel.
The sling bullet hits the iguana!
You kill the iguana!
Okawaru accepts your kill.
The electric eel shoots out a bolt of lightning at you!
The bolt of electricity hits you.
Casting: Slow (safe; 1% risk of failure)
Confirm with . or Enter, or press ? or * to list all spells.
Aiming: Slow (safe; 1% risk of failure)
Press: ? - help, Shift-Dir - straight line, f/p - electric eel
Aim: an electric eel (water, chance to affect: 65%)
The electric eel seems to slow down.
Fire: a) +1 sling
Press: ? - help, Q - select action, (/) - cycle Shift-Dir - straight line, f/p - electric eel
Aim: an electric eel (water, slow, 58% to hit)
You shoot a sling bullet.
The sling bullet closely misses the electric eel.
Fire: a) +1 sling
Press: ? - help, Q - select action, (/) - cycle Shift-Dir - straight line, f/p - electric eel
Aim: an electric eel (water, slow, 58% to hit)
You shoot a sling bullet.
The sling bullet misses the electric eel.
Fire: a) +1 sling
Press: ? - help, Q - select action, (/) - cycle Shift-Dir - straight line, f/p - electric eel
Aim: an electric eel (water, slow, 58% to hit)
You shoot a sling bullet. The sling bullet hits the electric eel.
The electric eel is lightly wounded.
The electric eel shoots out a bolt of lightning at you!
The bolt of electricity hits you!
Fire: a) +1 sling
Press: ? - help, Q - select action, (/) - cycle Shift-Dir - straight line, f/p - electric eel
Aim: an electric eel (water, lightly wounded, slow, 58% to hit)
You shoot a sling bullet. The sling bullet hits the electric eel.
The electric eel is heavily wounded.
Fire: a) +1 sling
Press: ? - help, Q - select action, (/) - cycle Shift-Dir - straight line, f/p - electric eel
Aim: an electric eel (water, heavily wounded, slow, 58% to hit)
You shoot a sling bullet.
The sling bullet misses the electric eel.
The electric eel shoots out a bolt of lightning at you!
The bolt of electricity hits you!
Fire: a) +1 sling
Press: ? - help, Q - select action, (/) - cycle Shift-Dir - straight line, f/p - electric eel
Aim: an electric eel (water, heavily wounded, slow, 58% to hit)
You shoot a sling bullet. The sling bullet hits the electric eel.
The electric eel is severely wounded.
Fire: a) +1 sling
Press: ? - help, Q - select action, (/) - cycle Shift-Dir - straight line, f/p - electric eel
Aim: an electric eel (water, severely wounded, slow, 58% to hit)
You shoot a sling bullet. The sling bullet hits the electric eel!
You kill the electric eel!
Okawaru accepts your kill.
Magic restored.
HP restored.
Found a spear.
You see here an iguana corpse.
An electric eel comes into view.
Fire: a) +1 sling
Press: ? - help, Q - select action, (/) - cycle Shift-Dir - straight line, f - electric eel
Aim: an electric eel (water, asleep, 98% to hit)
You shoot a sling bullet. The sling bullet hits the electric eel.
The electric eel is moderately wounded.
The electric eel shoots out a bolt of lightning at you!
The bolt of electricity hits you.
Fire: a) +1 sling
Press: ? - help, Q - select action, (/) - cycle Shift-Dir - straight line, f/p - electric eel
Aim: an electric eel (water, moderately wounded, 58% to hit)
You shoot a sling bullet. The sling bullet hits the electric eel!
The electric eel is almost dead.
Fire: a) +1 sling
Press: ? - help, Q - select action, (/) - cycle Shift-Dir - straight line, f/p - electric eel
Aim: an electric eel (water, almost dead, 58% to hit)
You shoot a sling bullet.
The sling bullet closely misses the electric eel.
Fire: a) +1 sling
Press: ? - help, Q - select action, (/) - cycle Shift-Dir - straight line, f/p - electric eel
Aim: an electric eel (water, almost dead, 58% to hit)
You shoot a sling bullet. The sling bullet hits the electric eel!
You kill the electric eel!
Okawaru accepts your kill.
You hear a splash.
Found 4 stones.
An electric eel comes into view.
An electric eel is nearby!
An electric eel is nearby!
Fire: a) +1 sling
Press: ? - help, Q - select action, (/) - cycle Shift-Dir - straight line, f - electric eel
Aim: an electric eel (water, wandering, hasn't noticed you, 58% to hit)
You shoot a sling bullet.
The sling bullet misses the electric eel.
Fire: a) +1 sling
Press: ? - help, Q - select action, (/) - cycle Shift-Dir - straight line, f/p - electric eel
Aim: an electric eel (water, 58% to hit)
You shoot a sling bullet. The sling bullet hits the electric eel.
The electric eel is moderately wounded.
Fire: a) +1 sling
Press: ? - help, Q - select action, (/) - cycle Shift-Dir - straight line, f/p - electric eel
Aim: an electric eel (water, moderately wounded, 58% to hit)
You shoot a sling bullet.
The sling bullet hits the electric eel but does no damage.
The electric eel is moderately wounded.
The electric eel shoots out a bolt of lightning at you!
The bolt of electricity hits you!
Fire: a) +1 sling
Press: ? - help, Q - select action, (/) - cycle Shift-Dir - straight line, f/p - electric eel
Aim: an electric eel (water, moderately wounded, 58% to hit)
You shoot a sling bullet. The sling bullet hits the electric eel.
The electric eel is severely wounded.
The electric eel shoots out a bolt of lightning at you!
The bolt of electricity misses you.
Fire: a) +1 sling
Press: ? - help, Q - select action, (/) - cycle Shift-Dir - straight line, f/p - electric eel
Aim: an electric eel (water, severely wounded, 58% to hit)
You shoot a sling bullet. The sling bullet hits the electric eel!
You kill the electric eel!
Okawaru accepts your kill.
You see here 4 stones.
You pick up a book of Touch and begin reading...
You add the spells Kiss of Death and Dispel Undead to your library.
Sigmund the Dreaded comes into view.
He is wielding a +0 scythe.
Sigmund is nearby!
Fire: a) +1 sling
Press: ? - help, Q - select action, (/) - cycle Shift-Dir - straight line, f - Sigmund
Aim: Sigmund, wielding a +0 scythe and wearing a +0 robe (asleep, 98% to hit)
You shoot a sling bullet.
The sling bullet hits Sigmund but does no damage.
Fire: a) +1 sling
Press: ? - help, Q - select action, (/) - cycle Shift-Dir - straight line, f/p - Sigmund
Aim: Sigmund, wielding a +0 scythe and wearing a +0 robe (69% to hit)
You shoot a sling bullet. The sling bullet barely misses Sigmund.
Fire: a) +1 sling
Press: ? - help, Q - select action, (/) - cycle Shift-Dir - straight line, f/p - Sigmund
Aim: Sigmund, wielding a +0 scythe and wearing a +0 robe (69% to hit)
You shoot a sling bullet. The sling bullet hits Sigmund!
Sigmund is heavily wounded.
Casting: Slow (safe; 1% risk of failure)
Confirm with . or Enter, or press ? or * to list all spells.
Aiming: Slow (safe; 1% risk of failure)
Press: ? - help, Shift-Dir - straight line, f/p - Sigmund
Aim: Sigmund, wielding a +0 scythe and wearing a +0 robe (heavily wounded, chance to affect: 65%) Sigmund seems to slow down.
A hound comes into view.
Fire: a) +1 sling
Press: ? - help, Q - select action, (/) - cycle Shift-Dir - straight line, f/p - Sigmund
Aim: Sigmund, wielding a +0 scythe and wearing a +0 robe (heavily wounded, slow, 69% to hit)
You shoot a sling bullet.
The sling bullet completely misses Sigmund.
The hound barks!
The sling bullet hits the hound!
The hound is heavily wounded.
Fire: a) +1 sling
Press: ? - help, Q - select action, (/) - cycle Shift-Dir - straight line, f/p - Sigmund
Aim: Sigmund, wielding a +0 scythe and wearing a +0 robe (heavily wounded, slow, 69% to hit)
You shoot a sling bullet. The sling bullet hits Sigmund.
Sigmund is severely wounded.
Fire: a) +1 sling
Press: ? - help, Q - select action, (/) - cycle Shift-Dir - straight line, f/p - Sigmund
Aim: Sigmund, wielding a +0 scythe and wearing a +0 robe (severely wounded, slow, 69% to hit)
You shoot a sling bullet. The sling bullet barely misses Sigmund.
Sigmund mumbles some strange words.
Sigmund flickers and vanishes!
Deactivating autopickup; reactivate with Ctrl-A.
Fire: a) +1 sling
Press: ? - help, Q - select action, (/) - cycle Shift-Dir - straight line, f - hound
Aim: a hound (heavily wounded, 64% to hit)
You shoot a sling bullet. The sling bullet hits the hound!
You kill the hound!
Okawaru accepts your kill.
Fire: a) +1 sling
Press: ? - help, Q - select action, (/) - cycle Shift-Dir - straight line, f - you Really target yourself?
Okay, then.
Fire: a) +1 sling
Press: ? - help, Q - select action, (/) - cycle Shift-Dir - straight line You shoot a sling bullet.
You hear some strange, mumbled words.
Something tries to affect you, but you resist.
Fire: a) +1 sling
Press: ? - help, Q - select action, (/) - cycle Shift-Dir - straight line You shoot a sling bullet.
Okawaru accepts your kill.
Reactivating autopickup.
You feel a bit more experienced.
Training target 12.0 for Hexes reached!
Your Hexes skill increases to level 12!
You see here a hound corpse.
Found 13 gold pieces.
Things that are here:
a +0 scythe; a +0 robe; the human corpse of Sigmund You now have 259 gold pieces (gained 13).
Found a stone staircase leading down.
d - a scroll labelled NOXIFO GI REKK
Found a stone staircase leading up.
s - a ring of magical power You feel your magic capacity increase.
s - a ring of magical power (left hand) Magic restored.
o - 2 scrolls labelled VOIMORURIU (gained 1) Key pressed, stopping explore.
There is a stone staircase leading up here.
o - 3 scrolls labelled VOIMORURIU (gained 1) Key pressed, stopping explore.
There is a stone staircase leading up here.
Things that are here:
a +0 scythe; a +0 robe; the human skeleton of Sigmund You see here a hound skeleton.
Key pressed, stopping explore.
You see here a +0 leather armour.
A bullfrog comes into view.
You see here 6 stones.
A bullfrog is nearby!
A bullfrog is nearby!
You shoot a sling bullet. The sling bullet hits the bullfrog.
The bullfrog gives a loud, deep croak!
The bullfrog is moderately wounded.
You shoot a sling bullet. The sling bullet hits the bullfrog!
The bullfrog is heavily wounded.
A bullfrog is nearby!
You shoot a sling bullet. The sling bullet hits the bullfrog.
The bullfrog is severely wounded.
The bullfrog hits you but does no damage.
You shoot a sling bullet.
The sling bullet closely misses the bullfrog.
The bullfrog barely misses you.
A bullfrog is nearby!
You shoot a sling bullet.
The sling bullet closely misses the bullfrog.
The bullfrog hits you but does no damage.
A bullfrog is nearby!
A bullfrog is nearby!
You shoot a sling bullet. The sling bullet hits the bullfrog.
The bullfrog is almost dead.
The bullfrog hits you but does no damage.
The bullfrog closely misses you.
You shoot a sling bullet. The sling bullet hits the bullfrog!
You kill the bullfrog!
Okawaru accepts your kill.
Your Ranged Weapons skill increases to level 12!
You see here a bullfrog corpse.
You open the door.
Found a pair of boots.
There is an open door here.
You open the door.
There is an open door here.
You open the door.
There is an open door here.
You open the door.
Found 2 stones and a large rock.
Found a stone.
There is an open door here.
Found a stone.
You see here a stone.
You enter the shallow water.
Moving in this stuff is going to be slow.
You see here a stone.
You see here a stone.
You see here a large rock.
There is an open door here.
There is an open door here.
There is an open door here.
There is an open door here.
You see here a bullfrog corpse.
You see here 6 stones.
Key pressed, stopping explore.
Partly explored, can't reach some places.
Partly explored, can't reach some places.
Partly explored, can't reach some places.
Partly explored, can't reach some places.
Your +2 dagger of venom begins to drip with poison!
b - a +2 dagger of venom (weapon)
You puncture the fungus!
The fungus begins to die.
The fungus is lightly damaged.
You hit the fungus.
The fungus is lightly damaged.
You puncture the fungus!
The fungus is poisoned.
The fungus is lightly damaged.
You hit the fungus.
The fungus is lightly damaged.
You puncture the fungus!
The fungus is lightly damaged.
A nearby fungus withers and dies.
You hit the fungus.
The fungus begins to die.
The fungus is lightly damaged.
You hit the fungus.
The fungus is lightly damaged.
You hit the fungus.
The fungus is lightly damaged.
You hit the fungus.
The fungus is lightly damaged.
You hit the fungus.
The fungus is lightly damaged.
A nearby fungus withers and dies.
Your +2 dagger of venom stops dripping with poison.
a - a +1 sling (weapon)
Found a runed translucent door.
Crazy Yiuf shouts!
Crazy Yiuf says, "Fluff unthinkable sing-song!"
Press: ? - help, v - describe, . - travel
Here: Crazy Yiuf, wielding a +3 quarterstaff of chaos and wearing a +0 cloak (fire blocked by a runed translucent door)
The floor.
Casting: Slow (safe; 1% risk of failure)
Confirm with . or Enter, or press ? or * to list all spells.
You can't see any susceptible monsters within range! (Use Z to cast anyway.)
You open the door. You shoot a sling bullet. The sling bullet hits Crazy Yiuf.
Crazy Yiuf is lightly wounded.
Crazy Yiuf closely misses you.
Casting: Slow (safe; 1% risk of failure)
Confirm with . or Enter, or press ? or * to list all spells.
Aiming: Slow (safe; 1% risk of failure)
Press: ? - help, Shift-Dir - straight line, f/p - Crazy Yiuf
Aim: Crazy Yiuf, wielding a +3 quarterstaff of chaos and wearing a +0 cloak (lightly wounded, chance to affect: 65%) Crazy Yiuf seems to slow down.
Crazy Yiuf closely misses you.
Your +2 dagger of venom begins to drip with poison!
b - a +2 dagger of venom (weapon)
You closely miss Crazy Yiuf.
Crazy Yiuf is lightly wounded.
Crazy Yiuf misses you.
You hit Crazy Yiuf.
Crazy Yiuf is poisoned.
Crazy Yiuf is moderately wounded.
Crazy Yiuf hits you with a +3 quarterstaff of chaos!
You hit Crazy Yiuf.
Crazy Yiuf is heavily wounded.
You barely miss Crazy Yiuf.
Crazy Yiuf is heavily wounded.
Crazy Yiuf closely misses you.
You hit Crazy Yiuf but do no damage.
Crazy Yiuf is heavily wounded.
Crazy Yiuf hits you with a +3 quarterstaff of chaos.
You hit Crazy Yiuf but do no damage.
Crazy Yiuf is heavily wounded.
You hit Crazy Yiuf but do no damage.
Crazy Yiuf looks even sicker.
Crazy Yiuf is heavily wounded.
Crazy Yiuf hits you but does no damage.
You hit Crazy Yiuf but do no damage.
Crazy Yiuf looks as sick as possible!
Crazy Yiuf is heavily wounded.
Crazy Yiuf hits you with a +3 quarterstaff of chaos.
Crazy Yiuf draws strength from your wounds!
You hit Crazy Yiuf.
Crazy Yiuf looks as sick as possible!
Crazy Yiuf is severely wounded.
Crazy Yiuf hits you with a +3 quarterstaff of chaos.
You feel drained.
You are too injured to fight recklessly!
You are too injured to fight recklessly!
Crazy Yiuf twirls on the spot.
Okawaru accepts your kill.
You feel a bit more experienced.
C - a +0 cloak You see here a +3 quarterstaff of chaos.
You start putting on your armour.
You continue putting on your +0 cloak. x4
You finish putting on your +0 cloak.
HP restored.
There is an open translucent door here.
You see here a +3 hammer.
Done exploring.
Done exploring.
Your +2 dagger of venom stops dripping with poison.
a - a +1 sling (weapon)
There is an open translucent door here.
You see here a +3 quarterstaff of chaos.
There is a stone staircase leading down here.
You climb downwards.
There is a stone staircase leading up here.
Found a stone staircase leading down.
There is a stone staircase leading down here.
There is a stone staircase leading down here.
As you open the door, it creaks loudly!
A sky beast comes into view.
Found a hand axe and a jewelled bone wand.
There is an open door here.
A sky beast is nearby!
You shoot a sling bullet. The sling bullet hits the sky beast.
The sky beast is lightly wounded.
You shoot a sling bullet. The sling bullet hits the sky beast!
The sky beast is heavily wounded.
The sky beast flickers out of sight!
Deactivating autopickup; reactivate with Ctrl-A.
No target in view!
There is a stone staircase leading up here.
You climb upwards.
Reactivating autopickup.
There is a stone staircase leading down here.
There is a stone staircase leading down here.
You climb downwards.
Found 16 gold pieces.
There is a stone staircase leading up here.
A black bear comes into view.
A black bear is nearby!
A black bear is nearby!
You shoot a sling bullet. The sling bullet hits the black bear.
The black bear is lightly wounded.
You hear a shout! x3
You shoot a sling bullet. The sling bullet hits the black bear!
The black bear is moderately wounded.
You shoot a sling bullet. The sling bullet hits the black bear.
The black bear is heavily wounded.
You hear a shout!
You shoot a sling bullet. The sling bullet hits the black bear!
The black bear is almost dead.
An orc comes into view. It is wielding a +0 falchion.
You shoot a sling bullet. The sling bullet hits the orc!
You kill the orc!
Okawaru accepts your kill.
An orc comes into view. It is wielding a +0 trident.
An iguana comes into view.
You shoot a sling bullet. The iguana hisses angrily.
The sling bullet hits the black bear!
You kill the black bear!
Okawaru accepts your kill.
An orc warrior comes into view. It is wielding a +0 glaive.
Your life force feels restored.
You shoot a sling bullet. The sling bullet hits the orc!
You kill the orc!
Okawaru accepts your kill.
There is a stone staircase leading up here.
Casting: Slow (safe; 1% risk of failure)
Confirm with . or Enter, or press ? or * to list all spells.
Aiming: Slow (safe; 1% risk of failure)
Press: ? - help, Shift-Dir - straight line, f - orc warrior
Aim: an orc warrior, wielding a +0 glaive and wearing a +0 chain mail (chance to affect: 56%)
The orc warrior resists with significant effort.
The orc warrior hits you from afar with a +0 glaive.
Fire: a) +1 sling
Press: ? - help, Q - select action, (/) - cycle Shift-Dir - straight line, f/p - orc warrior
Aim: an orc warrior, wielding a +0 glaive and wearing a +0 chain mail (70% to hit)
You shoot a sling bullet. The sling bullet hits the orc warrior!
The orc warrior is severely wounded.
Fire: a) +1 sling
Press: ? - help, Q - select action, (/) - cycle Shift-Dir - straight line, f/p - orc warrior
Aim: an orc warrior, wielding a +0 glaive and wearing a +0 chain mail (severely wounded, 70% to hit)
You shoot a sling bullet.
The sling bullet closely misses the orc warrior.
The sling bullet hits the iguana!
The iguana is almost dead.
The orc warrior hits you from afar with a +0 glaive.
Fire: a) +1 sling
Press: ? - help, Q - select action, (/) - cycle Shift-Dir - straight line, f/p - orc warrior
Aim: an orc warrior, wielding a +0 glaive and wearing a +0 chain mail (severely wounded, 70% to hit)
You shoot a sling bullet. The sling bullet hits the orc warrior!
You kill the orc warrior!
Okawaru accepts your kill.
Fire: a) +1 sling
Press: ? - help, Q - select action, (/) - cycle Shift-Dir - straight line, f - iguana
Aim: an iguana (almost dead, 75% to hit)
You shoot a sling bullet.
The sling bullet closely misses the iguana.
Fire: a) +1 sling
Press: ? - help, Q - select action, (/) - cycle Shift-Dir - straight line, f/p - iguana
Aim: an iguana (almost dead, 75% to hit)
You shoot a sling bullet.
The sling bullet hits the iguana but does no damage.
The iguana is almost dead.
The iguana bites you but does no damage.
Fire: a) +1 sling
Press: ? - help, Q - select action, (/) - cycle Shift-Dir - straight line, f/p - iguana
Aim: an iguana (almost dead, 75% to hit)
You shoot a sling bullet. The sling bullet hits the iguana!
You kill the iguana!
Okawaru accepts your kill.
HP restored.
Found an escape hatch in the floor.
You now have 275 gold pieces (gained 16).
You open the door.
There is an open door here.
D - a scroll labelled OWNUGU FIESH
There is an open door here.
A sky beast is nearby!
You shoot a sling bullet. The sling bullet hits the sky beast!
The sky beast is heavily wounded.
You shoot a sling bullet.
The sling bullet hits the sky beast but does no damage.
The sky beast is heavily wounded.
You shoot a sling bullet.
The sling bullet closely misses the sky beast.
You shoot a sling bullet. The sling bullet hits the sky beast!
The sky beast is severely wounded.
You shoot a sling bullet. The sling bullet hits the sky beast.
The sky beast is almost dead.
You shoot a sling bullet. The sling bullet hits the sky beast!
You kill the sky beast!
Okawaru accepts your kill.
You see here a sky beast corpse.
E - a wand of flame (30)
Found 4 stones.
The quasit gives a chilling moan.
Found a long sword.
Found a stone staircase leading down.
F - a glowing amethyst potion You now have 293 gold pieces (gained 18).
You now have 303 gold pieces (gained 10).
You open the door.
There is an open door here.
There is an open door here.
Found a leather armour.
Found a stone staircase leading down.
Found an escape hatch in the ceiling.
You open the door.
There is an open door here.
A centaur comes into view.
You shoot a sling bullet. The sling bullet hits the centaur.
The centaur shouts!
The centaur is lightly wounded.
You shoot a sling bullet. The sling bullet hits the centaur!
The centaur is heavily wounded.
The centaur wields a +0 shortbow.
The centaur shoots an arrow.
The arrow hits you!
You shoot a sling bullet. The sling bullet hits the centaur!
You kill the centaur!
Okawaru accepts your kill.
Your Ranged Weapons skill increases to level 13!
Found 12 gold pieces.
Things that are here:
a +0 shortbow; a centaur corpse
G - a +0 shortbow
G - a +0 shortbow (weapon)
You now have 315 gold pieces (gained 12).
You open the door. You open the door.
There is an open door here.
H - a wand of polymorph (8)
You open the door.
There is an open door here.
Found a stone staircase leading up.
You open the door.
There is an open door here.
There is an open door here.
You open the door.
There is an open door here.
You open the door.
There is an open door here.
You open the door.
There is an open door here.
You open the door.
There is an open door here.
There is an open door here.
There is an open door here.
An iguana comes into view.
The iguana hisses angrily.
An iguana is nearby!
You shoot an arrow. The arrow barely misses the iguana.
You shoot an arrow. The arrow hits the iguana!
The iguana is almost dead.
You shoot an arrow. The arrow hits the iguana.
You kill the iguana!
Okawaru accepts your kill.
No target in view!
You now have 325 gold pieces (gained 10).
There is an open door here.
Done exploring.
Done exploring.
Done exploring.
No target in view!
Done exploring.
Done exploring.
(D) Dungeon (T) Temple
Where to? (Enter - D:6 @ (x,y), ? - help)
There is a stone staircase leading down here.
You climb downwards.
There is a stone staircase leading up here.
A shadow imp comes into view.
Found a stone staircase leading up.
A shadow imp is nearby!
A shadow imp is nearby!
You shoot an arrow. The arrow hits the shadow imp!
The shadow imp shouts, "Scamper home, thou impertinent dizzy-eyed coxcomb!"
The shadow imp is heavily wounded.
You hear an angry buzzing noise. x3
You shoot an arrow. The arrow hits the shadow imp!
You kill the shadow imp!
Okawaru accepts your kill.
A killer bee comes into view.
You shoot an arrow. The arrow misses the killer bee.
The killer bee buzzes angrily.
A killer bee comes into view.
A killer bee is nearby!
The killer bee moves out of view.
A killer bee comes into view. x2
The killer bee moves out of view.
The killer bee buzzes angrily.
The killer bee buzzes angrily.
There is a stone staircase leading up here.
The killer bee stings you but does no damage.
The killer bee stings you.
You climb upwards.
There is a stone staircase leading down here.
You shoot an arrow.
The arrow closely misses the killer bee.
The killer bee misses you.
You shoot an arrow. The arrow hits the killer bee!
The killer bee is heavily wounded.
The killer bee stings you but does no damage.
The killer bee closely misses you.
You shoot an arrow.
The arrow closely misses the killer bee.
The killer bee stings you! The killer bee barely misses you.
You shoot an arrow. The arrow hits the killer bee!
You kill the killer bee!
Okawaru accepts your kill.
No target in view!
HP restored.
Done exploring.
Done exploring.
You open the door.
There is an open door here.
There is a stone staircase leading down here.
You climb downwards.
Found 6 stones.
Found a broken altar of Ashenzari.
There is a stone staircase leading up here.
No target in view!
Erica the Fiery-Tempered comes into view.
She is wielding a +0 scimitar of flaming.
Erica shouts!
You hear a shout! x2
Casting: Slow (safe; 1% risk of failure)
Confirm with . or Enter, or press ? or * to list all spells.
Aiming: Slow (safe; 1% risk of failure)
Press: ? - help, Shift-Dir - straight line, f - Erica
Aim: Erica, wielding a +0 scimitar of flaming and wearing a +0 robe (chance to affect: 23%)
Okay, then.
Casting: Slow (safe; 1% risk of failure)
Confirm with . or Enter, or press ? or * to list all spells.
Aiming: Inner Flame (dangerous; 4% risk of failure)
Press: ? - help, Dir - move target, f - Erica
Aim: Erica, wielding a +0 scimitar of flaming and wearing a +0 robe (chance to affect: 47%) Erica is filled with an inner flame.
Erica points at you and mumbles some strange words.
You resist with some effort.
Fire: G) +0 shortbow
Press: ? - help, Q - select action, (/) - cycle Shift-Dir - straight line, f/p - Erica
Aim: Erica, wielding a +0 scimitar of flaming and wearing a +0 robe (inner flame, 70% to hit)
You shoot an arrow. The arrow hits Erica!
Flame seeps out of Erica.
Erica is moderately wounded.
Erica is engulfed in blazing flames.
Flame seeps out of Erica.
Fire: G) +0 shortbow
Press: ? - help, Q - select action, (/) - cycle Shift-Dir - straight line, f/p - Erica
Aim: Erica, wielding a +0 scimitar of flaming and wearing a +0 robe (heavily wounded, inner flame, 70% to hit)
You shoot an arrow. The arrow hits Erica!
Flame seeps out of Erica.
Erica is severely wounded.
Fire: G) +0 shortbow
Press: ? - help, Q - select action, (/) - cycle Shift-Dir - straight line, f/p - Erica
Aim: Erica, wielding a +0 scimitar of flaming and wearing a +0 robe (flame, severely wounded, inner flame, 70% to hit)
You shoot an arrow. The arrow hits Erica.
Flame seeps out of Erica.
Erica is severely wounded.
An orc comes into view. It is wielding a +0 short sword.
Erica is engulfed in blazing flames.
Flame seeps out of Erica.
Erica casts a spell.
Erica flickers and vanishes!
Deactivating autopickup; reactivate with Ctrl-A.
Fire: G) +0 shortbow
Press: ? - help, Q - select action, (/) - cycle Shift-Dir - straight line, f - orc
Aim: an orc, wielding a +0 short sword and wearing a +0 chain mail (78% to hit)
You shoot an arrow. The arrow hits the orc!
You kill the orc!
Okawaru accepts your kill. Okawaru is honoured by your kill.
Okawaru will now gift you throwing weapons as you gain piety.
Reactivating autopickup.
You feel a bit more experienced.
Erica explodes!
You hear a shout! x2; You hear an angry hiss.
You hear a shout! x3
Your Ranged Weapons skill increases to level 14!
An orc comes into view. It is wielding a +0 trident.
You shoot an arrow. The arrow hits the orc!
You kill the orc!
Okawaru accepts your kill.
An orc priest comes into view. It is wielding a +0 club.
An orc comes into view. It is wielding a +0 flail.
You shoot an arrow. The orc shouts!
The arrow hits the orc priest!
The orc priest is heavily wounded.
You hear an angry buzzing noise.
You shoot an arrow. The arrow misses the killer bee.
The killer bee stings you.
You are poisoned.
The killer bee poisons you!
A human comes into view. It is wielding a +0 sling.
You feel sick. The killer bee barely misses you.
You feel sick. The killer bee closely misses you.
The killer bee attacks as you move away!
The killer bee misses you.
You feel sick. The killer bee stings you.
There is a stone staircase leading up, spattered with blood here.
You feel sick.
The killer bee stings you but does no damage.
The killer bee barely misses you.
You climb upwards.
You feel sick.
There is a stone staircase leading down here.
a - a +1 sling (weapon)
You feel sick. The killer bee stings you.
You are more poisoned.
The killer bee poisons you!
Your +2 dagger of venom begins to drip with poison!
b - a +2 dagger of venom (weapon)
You feel sick. The killer bee misses you.
Okay, then.
Casting: Inner Flame (dangerous; 4% risk of failure)
Confirm with . or Enter, or press ? or * to list all spells.
Aiming: Slow (safe; 1% risk of failure)
Press: ? - help, Shift-Dir - straight line, f - killer bee
Aim: a killer bee (chance to affect: 65%)
The killer bee seems to slow down.
You feel sick.
The killer bee stings you but does no damage.
You puncture the killer bee!
The killer bee is poisoned.
The killer bee is heavily wounded.
You feel sick. The killer bee stings you!
* * * LOW HITPOINT WARNING * * *
You hit the killer bee.
The killer bee looks as sick as possible!
The killer bee is almost dead.
You feel sick.
You kill the killer bee!
Okawaru accepts your kill.
You start resting.
You feel sick.
Magic restored.
You feel sick.
You start resting.
You feel sick.
You are no longer poisoned.
You start resting.
HP restored.
Your +2 dagger of venom stops dripping with poison.
a - a +1 sling (weapon)
Unknown command.
Adjust (i)tems, (s)pells, or (a)bilities?
G - a +0 shortbow Adjust to which letter? (? for menu, Esc to quit)
a - a +0 shortbow;
G - a +1 sling (weapon)
Unknown command.
There is a stone staircase leading down here.
a - a +0 shortbow (weapon)
You climb downwards.
The human shouts!
The killer bee buzzes angrily. x2
The human shoots a sling bullet.
The sling bullet barely misses you.
You hear an angry hiss.
Found a short sword.
There is a stone staircase leading up here.
The killer bee closely misses you.
The human shoots a sling bullet.
The sling bullet hits you but does no damage.
The killer bee misses you.
You climb upwards.
There is a stone staircase leading down here.
You shoot an arrow. The arrow barely misses the killer bee.
The killer bee barely misses you.
You shoot an arrow. The arrow hits the killer bee!
The killer bee is severely wounded.
The killer bee stings you but does no damage.
The killer bee closely misses you.
You shoot an arrow. The arrow hits the killer bee!
You kill the killer bee!
Okawaru accepts your kill.
The quasit gives a chilling moan.
You hear a chilling moan.
The quasit gives a chilling moan.
There is an open door here.
There is a stone staircase leading down here.
You climb downwards.
There is a stone staircase leading up here.
You shoot an arrow. The arrow barely misses the orc priest.
The orc priest shouts! x2
The arrow hits the orc priest.
The orc priest is moderately wounded.
You hear an angry buzzing noise.
You shoot an arrow. The arrow hits the orc priest!
The orc priest is severely wounded.
You hear a shout!
An orc priest comes into view. It is wielding a +0 whip.
The orc priest calls down the wrath of Beogh upon you.
Beogh smites you!
You hear an angry buzzing noise.
You shoot an arrow. The arrow hits the orc priest.
You kill the orc priest!
Okawaru accepts your kill.
The orc priest hits you but does no damage.
You climb upwards.
There is a stone staircase leading down here.
You shoot an arrow. The arrow hits the orc priest.
The orc priest is severely wounded.
The orc priest hits you but does no damage.
You shoot an arrow. The arrow hits the orc priest!
You kill the orc priest!
Okawaru accepts your kill.
No target in view!
No target in view!
HP restored.
Done exploring.
Done exploring.
You climb downwards.
There is a stone staircase leading up here.
You shoot an arrow. The arrow hits the orc priest.
The orc priest is moderately wounded.
You shoot an arrow.
The arrow closely misses the orc priest.
The orc priest closely misses you.
You shoot an arrow. The arrow barely misses the orc priest.
The orc priest hits you with a +0 whip.
You shoot an arrow. The arrow barely misses the orc priest.
The orc priest closely misses you.
You shoot an arrow. The arrow barely misses the orc priest.
You shoot an arrow. The arrow hits the orc priest!
The orc priest is almost dead.
The orc priest closely misses you.
You shoot an arrow. The arrow hits the orc priest!
You kill the orc priest!
Okawaru accepts your kill.
Things that are here:
a +0 leather armour; a +0 flail
Found a stone staircase leading down.
A killer bee is nearby!
You shoot an arrow. The killer bee buzzes angrily.
The arrow hits the killer bee!
The killer bee is almost dead.
You shoot an arrow.
The arrow closely misses the killer bee.
You shoot an arrow.
The arrow closely misses the killer bee.
The killer bee stings you but does no damage.
You shoot an arrow. The arrow hits the killer bee.
You kill the killer bee!
Okawaru accepts your kill.
There is a stone staircase leading down here.
You now have 337 gold pieces (gained 12).
Found a stone staircase leading down. 2 wights come into view.
A wight comes into view. It is wielding a +5 falchion.
A human comes into view. It is wielding a +0 sling.
The human shouts!
The human shoots a sling bullet.
The sling bullet hits you.
You hear a shout!
The human shoots a sling bullet.
The sling bullet barely misses you.
The human shoots a sling bullet.
The sling bullet misses you.
A killer bee comes into view.
The killer bee buzzes angrily.
A killer bee comes into view.
The wight hits you with a +5 falchion.
A killer bee comes into view.
A centaur comes into view.
Casting: Slow (safe; 1% risk of failure)
Confirm with . or Enter, or press ? or * to list all spells.
Aiming: Slow (safe; 1% risk of failure)
Press: ? - help, Shift-Dir - straight line, f - wight
Aim: a wight, wielding a +5 falchion and wearing a +0 robe (chance to affect: 56%)
The wight seems to slow down.
The centaur shouts!
You hear an angry buzzing noise.
You hear a shout!
You hear an angry buzzing noise.
You hear a shout! x2
The centaur wields a +0 shortbow.
The centaur shoots an arrow.
The arrow hits you! The wight hits you with a +5 falchion!
You feel drained.
You hear an angry buzzing noise.
Okay, then.
You feel better.
A killer bee comes into view.
The centaur shoots an arrow.
The arrow closely misses you. The wight barely misses you.
You hear a shout!
You hear an angry hiss.
As you read the scroll labelled HOFURE EJORIQUR, it crumbles to dust.
It is a scroll of identify.
d - a scroll of enchant weapon The centaur shoots an arrow.
The arrow barely misses you.
The orc priest invokes the aid of Beogh against you.
Beogh smites you!
* * * LOW HITPOINT WARNING * * *
The centaur shoots an arrow.
The arrow hits you!
* * * LOW HITPOINT WARNING * * *
You hear an angry buzzing noise.
It was a potion of might.
You feel very mighty all of a sudden.
You hear an angry buzzing noise.
You hear an angry hiss.
The centaur shoots an arrow.
The arrow closely misses you. The wight hits you with a +5 falchion!
* * * LOW HITPOINT WARNING * * *
It was a potion of haste.
You feel yourself speed up.
The centaur shoots an arrow.
The arrow hits you.
* * * LOW HITPOINT WARNING * * *
A killer bee comes into view.
The wight barely misses you.
You feel better.
The orc priest looks encouraged for a moment.
You feel better. The killer bee barely misses you.
The wight hits you with a +5 falchion.
* * * LOW HITPOINT WARNING * * *
You feel drained.
Okay, then.
It was a potion of mutation.
You feel extremely strange. A pair of antennae grows on your head!
Your +0 helmet falls away!
You feel the urge to shout.
You feel more energetic. The killer bee closely misses you.
The killer bee stings you but does no damage.
You gain the combat prowess of a mighty hero.
The killer bee stings you.
* * * LOW HITPOINT WARNING * * *
You are poisoned.
The killer bee poisons you!
You feel better. The killer bee stings you.
* * * LOW HITPOINT WARNING * * *
The wight hits you with a +5 falchion.
* * * LOW HITPOINT WARNING * * *
Your +2 dagger of venom begins to drip with poison!
b - a +2 dagger of venom (weapon)
The killer bee stings you but does no damage.
The orc priest invokes the aid of Beogh against you.
Beogh smites you!
You die...

#.# #.........# . #..####.##
#.......#.. ...
#.......###.......###
##y..######...##.......#
.....y...y.............##
....#####p##....#......... .
#y##....#......### ...........
#z###.......#.## ...........
..#@# #.....###..# ...........
..#y# ##.........## ...........
..co####p#..##>...## ..(........
...o.....#..###....# ...........
...y......p...†..... .......#...
.............####....
<..........................##....
###.##........).....<......###...
.......#... .#............###.##


You could see a human, a centaur, 4 killer bees, a wight (slow), an orc priest
and an orc.

Vanquished Creatures
  Erica (D:8)
  Pikel (D:5)
  Sigmund (D:6)
  Eustachio (D:4)
  Edmund (D:5)
  Duvessa (D:5)
  A sky beast (D:7)
  6 black bears
  An orc warrior (D:7)
  An ogre (D:5)
  A centaur (D:7)
  A lemure (D:6)
  Blork the orc (D:5)
  A bullfrog (D:6)
  2 necrophages
  Dowan (D:5)
  4 killer bees
  3 electric eels (D:6)
  Crazy Yiuf (D:6)
  A jelly (D:6)
  5 orc priests
  3 hounds
  3 orc wizards
  Ijyb (D:5)
  3 iguanas
  11 gnolls
  6 adders
  2 shadow imps
  A white imp (D:5)
  2 dart slugs
  19 orcs
  7 bats
  5 endoplasms
  4 giant cockroaches
  5 goblins
  5 hobgoblins
  3 jackals (D:5)
  10 kobolds
  5 quokkas
  3 ball pythons
  6 frilled lizards
  2 rats
142 creatures vanquished.

Vanquished Creatures (others)
  6 fungi
  A plant (D:2)
7 creatures vanquished.

Grand Total: 149 creatures vanquished

Notes
Turn   | Place    | Note
-------+----------+-------------------------------------------
     0 | D:1      | sleeves the Deep Elf Hexslinger began the quest for the
                  | Orb.
     0 | D:1      | Reached XP level 1. HP: 11/11 MP: 5/5
    69 | D:1      | Reached skill level 3 in Ranged Weapons
   271 | D:1      | Reached XP level 2. HP: 16/16 MP: 4/6
   793 | D:1      | HP: 8/16 [quokka (5)]
   890 | D:2      | HP: 8/16 [hobgoblin (4)]
   950 | D:2      | Reached XP level 3. HP: 13/20 MP: 7/7
  1043 | D:2      | Reached skill level 4 in Ranged Weapons
  1043 | D:2      | Reached skill level 5 in Hexes
  1142 | D:2      | Identified the +2 pair of gloves "Neduxec" {-Tele rCorr
                  | Dex+7 Slay+3}
  1328 | D:3      | Found Keschu's Assorted Antiques.
  1373 | D:3      | Reached XP level 4. HP: 24/24 MP: 8/8
  1380 | D:3      | Found a faded altar of an unknown god.
  1460 | D:3      | Found a sparkling altar of Nemelex Xobeh.
  1460 | D:3      | Found a basalt altar of Yredelemnul.
  1668 | D:4      | Learned a level 3 spell: Inner Flame
  1751 | D:4      | Noticed a necrophage
  1756 | D:4      | Noticed an ogre
  1909 | D:4      | Reached skill level 5 in Ranged Weapons
  1909 | D:4      | Reached skill level 6 in Hexes
  1909 | D:4      | HP: 11/24 [frozen (5)]
  1917 | D:4      | HP: 11/24 [endoplasm (2)]
  1923 | D:4      | HP: 7/24 [frozen (5)]
  2014 | D:4      | Reached XP level 5. HP: 28/28 MP: 9/9
  2185 | D:4      | Noticed a black bear
  2191 | D:4      | Killed a black bear
  2192 | D:4      | Reached skill level 6 in Ranged Weapons
  2192 | D:4      | Reached skill level 7 in Hexes
  2192 | D:4      | Reached XP level 6. HP: 33/33 MP: 10/10
  2317 | D:4      | Found a shadowy altar of Dithmenos.
  2346 | D:4      | Noticed Eustachio
  2367 | D:4      | Killed Eustachio
  2368 | D:4      | Reached skill level 7 in Ranged Weapons
  2428 | D:4      | You fall into a shaft and drop 2 floors!
  2498 | D:6      | Reached skill level 8 in Hexes
  2498 | D:6      | Reached XP level 7. HP: 37/37 MP: 11/11
  2605 | D:6      | Noticed Pikel
  2805 | D:5      | Entered Level 5 of the Dungeon
  2836 | D:5      | Reached skill level 8 in Ranged Weapons
  2849 | D:5      | Noticed Ijyb
  2888 | D:5      | Killed Ijyb
  3100 | D:5      | Found a staircase to the Ecumenical Temple.
  3126 | D:5      | Reached skill level 9 in Hexes
  3160 | D:5      | Noticed Edmund
  3180 | D:5      | HP: 18/37 [something/magic dart (10)]
  3276 | D:5      | Killed Edmund
  3277 | D:5      | Reached skill level 9 in Ranged Weapons
  3277 | D:5      | Reached XP level 8. HP: 30/42 MP: 12/12
  3373 | D:5      | Noticed Blork the orc
  3380 | D:5      | Killed Blork the orc
  3628 | D:5      | Noticed Duvessa
  3628 | D:5      | Noticed Dowan
  3682 | D:5      | HP: 25/63 [Duvessa/+0 rapier (9)]
  3687 | D:5      | HP: 19/63 [Duvessa/+0 rapier (1)]
  3697 | D:5      | Killed Duvessa
  3697 | D:5      | Killed Dowan
  3698 | D:5      | Reached skill level 10 in Hexes
  3997 | D:5      | Reached skill level 10 in Ranged Weapons
  4153 | D:5      | Found an ancient bone altar of Kikubaaqudgha.
  4322 | Temple   | Entered the Ecumenical Temple
  4328 | Temple   | Became a worshipper of Warmaster Okawaru
  4409 | D:5      | HP: 20/42 [Pikel/+1 whip of flaming (8)]
  4418 | D:5      | Killed Pikel
  4418 | D:5      | Reached * piety under Okawaru
  4419 | D:5      | Reached skill level 11 in Ranged Weapons
  4419 | D:5      | Reached skill level 11 in Hexes
  4419 | D:5      | Reached XP level 9. HP: 21/46 MP: 13/13
  4862 | D:6      | Noticed Sigmund
  4872 | D:6      | Killed Sigmund
  4872 | D:6      | Reached ** piety under Okawaru
  4873 | D:6      | Reached skill level 12 in Hexes
  5456 | D:6      | Reached skill level 12 in Ranged Weapons
  5685 | D:6      | Found a runed translucent door.
  5686 | D:6      | Noticed Crazy Yiuf
  5705 | D:6      | Killed Crazy Yiuf
  6053 | D:7      | Reached skill level 13 in Ranged Weapons
  6275 | D:8      | Found a broken altar of Ashenzari.
  6279 | D:8      | Noticed Erica
  6284 | D:8      | Killed Erica
  6284 | D:8      | Reached *** piety under Okawaru
  6285 | D:8      | Reached skill level 14 in Ranged Weapons
  6301 | D:7      | HP: 18/46 [killer bee (7)]
  6614 | D:8      | HP: 19/44 [orc priest/divine providence (11)]
  6615 | D:8      | HP: 4/44 [wight/+5 falchion (7)]
  6619 | D:8      | Gained mutation: You have a pair of small antennae on your
                  | head. [potion of mutation]
  6619 | D:8      | Gained mutation: You occasionally shout uncontrollably at
                  | your foes. [potion of mutation]
  6619 | D:8      | Gained mutation: You have an increased reservoir of magic.
                  | (+10% MP) [potion of mutation]
  6620 | D:8      | HP: 10/43 [killer bee (3)]
  6622 | D:8      | Killed from afar by an orc priest

Illustrated notes

Levels and vault maps discovered:
D:1:      dpeg_arrival_fog, layout_basic, minivault_24
D:2:      cheibrodos_old_hovel, layout_rooms
D:3:      layout_rooms, gammafunk_temple_overflow_wave, serial_shops, shop,
          ebering_ecumenical_altar_mist
D:4:      layout_loops_cross, mainiacjoe_overflow_chevrons, uniq_eustachio
D:5:      layout_loops_corners, general_overflow_altar,
          minmay_temple_entry_large_hall, kennysheep_nondescript,
          chequers_serial_rivers_small_a, uniq_edmund, uniq_ijyb,
          uniq_blork_the_orc, uniq_duvessa
D:6:      layout_layer_cave, nicolae_zen_rock_garden, kennysheep_boxes,
          uniq_pikel, uniq_crazy_yiuf_cottage, uniq_sigmund
D:7:      cheibrodos_quashed, layout_gridville
D:8:      cheibrodos_iron_armory, layout_rooms, overflow_temple_1_default,
          minmay_ruffians, uniq_erica
Temple:   sentei_temple_godly_chess

Skill      XL: |  1  2  3  4  5  6  7  8  9 |
---------------+----------------------------+-----
Ranged Weapons | 3 4 5 6 7 9 11 14 | 14.7
Hexes          | 5 6 7 8 9 11 12 | 12.0
Fighting       | |  0.7
Dodging        | |  2.4
Spellcasting   | |  1.5

Action                   |  1- 3 |  4- 6 |  7- 9 || total
-------------------------+-------+-------+-------++-------
Melee: Dagger            |    10 |    12 |    73 ||    95
       Sling             |       |     1 |       ||     1
       Punch             |       |       |     3 ||     3
 Fire: Sling             |   124 |    82 |   206 ||   412
       Shortbow          |       |       |    36 ||    36
 Cast: Slow              |    13 |     8 |    21 ||    42
       Inner Flame       |       |       |     1 ||     1
Invok: Heroism           |       |       |     1 ||     1
  Use: Potion            |       |       |    10 ||    10
       Scroll            |       |       |     1 ||     1
Armor: Robe              |    17 |    20 |    40 ||    77
       Skin              |       |       |    31 ||    31
Dodge: Dodged            |    37 |    32 |    69 ||   138

Table legend: (Time is in decaauts)
 A = Elapsed time spent in this place.
 B = Non-inter-level travel time spent in this place.
 C = Inter-level travel time spent in this place.
 D = Time resting spent in this place.
 E = Time spent auto-exploring this place.
 F = Levels seen in this place.
 G = Mean time per level.
                   A        B        C        D        E       F      G
               +--------+--------+--------+--------+--------+-----+--------+
         Total |   6620 |   6221 |    399 |    305 |   4513 |   9 |  735.6 |
       Dungeon |   6607 |   6214 |    393 |    305 |   4511 |   8 |  825.9 |
        Temple |     12 |      6 |      6 |      0 |      2 |   1 |   12.0 |
               +--------+--------+--------+--------+--------+-----+--------+

Top non-repeatable levels by time:
     D:6: 1726 daAuts
     D:5: 1662 daAuts
     D:1: 923 daAuts
     D:7: 619 daAuts
     D:4: 614 daAuts
     D:3: 547 daAuts
     D:2: 376 daAuts
     D:8: 137 daAuts
  Temple: 12 daAuts
